 Dungeon Crawl Stone Soup version 0.29-a0-315-gaf6dd05e2f (webtiles) character file.

Game seed: 3698118805590121324

2253 Gwenloh the Jinx (level 9, -2/45 HPs)
             Began as a Spriggan Arcane Marksman on Mar 29, 2022.
             Slain by a vampire mosquito (5 damage)
             ... on level 5 of the Dungeon on Mar 30, 2022.
             The game lasted 00:38:06 (12143 turns).

Gwenloh the Jinx (Spriggan Arcane Marksman)        Turns: 12143, Time: 00:38:07

Health: -2/45      AC:  5    Str:  6    XL:     9   Next: 15%
Magic:  18/18      EV: 18    Int: 17    God:
Gold:   169        SH:  0    Dex: 17    Spells: 8/19 levels left

rFire   . . .      SeeInvis +   a - +0 hunting sling
rCold   + . .      Faith    .   (no shield)
rNeg    . . .      Spirit   .   m - +2 robe {rC+}
rPois   .          Reflect  .   (helmet restricted)
rElec   .          Harm     .   v - +0 cloak
rCorr   .          Rampage  .   (gloves unavailable)
Will    +....                   (boots unavailable)
Stlth   ++........              (no amulet)
HPRegen 0.15/turn               (no ring)
MPRegen 0.16/turn               (no ring)

@: studying Bows, very quick
A: very small, no large weapons, unfitting armour, see invisible, speed 3
a: no special abilities


You were on level 5 of the Dungeon.
You visited 2 branches of the dungeon, and saw 7 of its levels.

You collected 235 gold pieces.
You spent 66 gold pieces at shops.

Inventory:

Hand Weapons
 a - a +0 hunting sling (weapon)
 b - a +3 dagger
Armour
 m - a +2 robe of cold resistance (worn)
 r - an orb of light
 v - a +0 cloak (worn)
Jewellery
 n - a ring of positive energy
 t - the amulet "Juduz" {Spirit Will+ Str+4 Dex+3}
   (You took it off an orc on level 4 of the Dungeon)

   [amulet of guardian spirit]

   It causes incoming damage to be divided between your reserves of health and
   magic.
   Str:       It affects your strength (+4).
   Dex:       It affects your dexterity (+3).
   Will:      It increases your willpower.
 w - a ring of poison resistance
Wands
 g - a wand of flame (28)
 p - a wand of digging (5)
Scrolls
 c - 2 scrolls of vulnerability
 f - 3 scrolls of immolation
 h - 6 scrolls of teleportation
 i - 2 scrolls of blinking
 j - 2 scrolls of torment
 k - a scroll of fear
 l - 2 scrolls of enchant weapon
 o - a scroll of amnesia
 x - a scroll of silence
Potions
 d - 5 potions of attraction
 e - 2 potions of heal wounds {unknown}
 q - 2 potions of might {unknown}
 s - a potion of mutation {unknown}
 u - a potion of ambrosia {unknown}
 z - a potion of lignification {unknown}


   Skills:
 + Level 3.8 Fighting
 * Level 8.2 Slings
 - Level 3.9 Dodging
 + Level 5.7 Spellcasting
 * Level 8.3 Hexes
 - Level 0.4 Translocations
 + Level 3.1 Fire Magic


You had 8 spell levels left.
You knew the following spells:

 Your Spells              Type           Power      Damage    Failure   Level
a - Slow                  Hex            100%       N/A       1%          1
b - Inner Flame           Hex/Fire       24%        N/A       3%          3
c - Portal Projectile     Hex/Tloc       38%        N/A       6%          3
d - Cause Fear            Hex            16%        N/A       4%          4

Your spell library contained the following spells:

 Spells                   Type           Power      Damage    Failure   Level
 Conjure Flame            Conj/Fire      10%        6-21      21%         3
 Ignite Poison            Fire/Tmut/Pois 8%         N/A       26%         3
 Sticky Flame             Conj/Fire      10%        2d3       56%         4
 Animate Armour           Summ/Erth      8%         N/A       78%         4
 Blade Hands              Tmut           2%         N/A       98%         5
 Iron Shot                Conj/Erth      2%         9d2       100%        6
 Discord                  Hex            16%        N/A       100%        8


Dungeon Overview and Level Annotations

Branches:
Dungeon (6/15)             Temple (1/1) D:4

Altars:
Ashenzari
Cheibriados
Dithmenos
Elyvilon
Fedhas
Gozag
Kikubaaqudgha
Makhleb
Qazlal
Ru
Sif Muna
Trog
Uskayaw
Vehumet
Wu Jian
Xom
Yredelemnul
Zin
The Shining One

Shops:
D:1 =*(((

Annotations:
D:5 Dowan, Duvessa, Sigmund


Innate Abilities, Weirdness & Mutations

You are very small and have problems with some larger weapons.
You are too small for most types of armour.
You have supernaturally acute eyesight. (SInv)
You cover ground extremely quickly. (Speed+++)


Message History

The sling bullet misses the vampire mosquito.
The vampire mosquito bites you!
The vampire mosquito draws strength from your injuries!
The vampire mosquito closely misses you.
You shoot a sling bullet.
The sling bullet misses the vampire mosquito.
The vampire mosquito completely misses you.
The vampire mosquito bites you!
The vampire mosquito draws strength from your injuries!
You enter the shallow water.
Moving in this stuff is going to be slow.
The vampire mosquito bites you!
The vampire mosquito draws strength from your injuries!
The vampire mosquito bites you.
The vampire mosquito draws strength from your injuries!
The vampire mosquito completely misses you.
The vampire mosquito bites you but does no damage.
The vampire mosquito attacks as you move away!
The vampire mosquito bites you!
* * * LOW HITPOINT WARNING * * *
The vampire mosquito draws strength from your injuries!
You enter the shallow water.
Moving in this stuff is going to be slow.
The vampire mosquito closely misses you.
The vampire mosquito attacks as you move away!
The vampire mosquito misses you. The vampire mosquito bites you.
* * * LOW HITPOINT WARNING * * *
The vampire mosquito draws strength from your injuries!
The vampire mosquito misses you.
The vampire mosquito attacks as you move away!
The vampire mosquito closely misses you.
The vampire mosquito attacks as you move away!
The vampire mosquito misses you.
There is a stone staircase leading up, spattered with blood here.
The vampire mosquito completely misses you. x2
You climb upwards.
Level annotation: Dowan, Duvessa, Sigmund
There is a stone staircase leading down here.
The vampire mosquito misses you. The vampire mosquito bites you.
You die...

# # ############ #
#..........# #
#..........#######
####@................
#..y....#############
#.......# # #.......#
#
#.......#############
#.......##..........#
#.......[...(.......'
####....##.#.[....#.#
###'#####.#.####.#.#


You could see a vampire mosquito.

Vanquished Creatures
  Grinder (D:4)
  A wraith (D:5)
  2 vampire mosquitoes (D:6)
  A black bear (D:6)
  An ice beast (D:6)
  2 ogres
  A phantom (D:6)
  A necrophage (D:4)
  2 bullfrogs
  5 wights
  2 howler monkeys (D:6)
  Crazy Yiuf (D:4)
  2 hounds
  2 jellies (D:5)
  3 orc priests (D:6)
  7 iguanas
  5 orc wizards
  4 gnolls (D:4)
  3 adders
  A white imp (D:5)
  An ufetubus (D:5)
  4 worms
  2 dart slugs
  13 orcs
  3 bats
  7 endoplasms
  5 giant cockroaches
  10 goblins
  4 hobgoblins
  4 kobolds
  6 quokkas
  5 ball pythons
  A frilled lizard (D:1)
  7 rats
119 creatures vanquished.

Notes
Turn   | Place    | Note
-------+----------+-------------------------------------------
     0 | D:1      | Gwenloh the Spriggan Arcane Marksman began the quest for
                  | the Orb.
     0 | D:1      | Reached XP level 1. HP: 9/9 MP: 3/3
    19 | D:1      | Found Ynai's Weapon Emporium.
   130 | D:1      | Found Zopp's Antique Weapon Shop.
   160 | D:1      | Found Hynaibb's Weapon Shop.
   206 | D:1      | Reached XP level 2. HP: 6/14 MP: 5/5
   395 | D:1      | Found Mempauni's General Store.
   411 | D:1      | Reached skill level 1 in Fighting
   634 | D:1      | Found Caowkedev's Jewellery Emporium.
   694 | D:1      | Found a faded altar of an unknown god.
  1099 | D:2      | Reached XP level 3. HP: 11/18 MP: 4/7
  1313 | D:2      | Reached XP level 4. HP: 13/22 MP: 6/8
  2278 | D:3      | Found a stormy altar of Qazlal.
  2303 | D:3      | Found a blossoming altar of Fedhas.
  2448 | D:3      | Found a shadowy altar of Dithmenos.
  2889 | D:3      | Reached XP level 5. HP: 25/25 MP: 8/10
  2934 | D:3      | Learned a level 3 spell: Inner Flame
  2938 | D:3      | Learned a level 3 spell: Portal Projectile
  3064 | D:1      | Bought a scroll of identify for 22 gold pieces
  3064 | D:1      | Bought a scroll of identify for 22 gold pieces
  3064 | D:1      | Bought a scroll of identify for 22 gold pieces
  3600 | D:4      | Found an ornate altar of the Wu Jian Council.
  3719 | D:4      | Noticed an ogre
  3838 | D:4      | Killed an ogre
  3839 | D:4      | Reached skill level 5 in Slings
  3839 | D:4      | Reached skill level 5 in Hexes
  3839 | D:4      | Reached XP level 6. HP: 30/30 MP: 7/12
  3910 | D:4      | Found a staircase to the Ecumenical Temple.
  3920 | Temple   | Entered the Ecumenical Temple
  4080 | D:4      | Identified the +1 ring mail of Dasmacu {Contam rPois rF+}
  4218 | D:4      | Identified the amulet "Juduz" {Spirit Will+ Str+4 Dex+3}
  4258 | D:4      | Noticed Grinder
  4369 | D:4      | Paralysed by Grinder for 2 turns
  4371 | D:4      | Killed Grinder
  4372 | D:4      | Reached skill level 1 in Fire Magic
  4372 | D:4      | Reached XP level 7. HP: 20/35 MP: 5/13
  4561 | D:4      | Found a runed translucent door.
  4562 | D:4      | Noticed Crazy Yiuf
  4873 | D:4      | Killed Crazy Yiuf
  4984 | D:5      | Entered Level 5 of the Dungeon
  5030 | D:5      | Noticed Sigmund
  5994 | D:5      | Noticed Duvessa
  5994 | D:5      | Noticed Dowan
  8466 | D:5      | Reached XP level 8. HP: 39/39 MP: 15/15
  8471 | D:5      | Learned a level 4 spell: Cause Fear
 10115 | D:6      | Found a shimmering blue altar of Sif Muna.
 10156 | D:6      | Reached skill level 5 in Spellcasting
 10894 | D:6      | Reached XP level 9. HP: 32/45 MP: 18/18
 11473 | D:5      | HP: 2/45 [vampire mosquito (10)]
 12135 | D:6      | HP: 2/45 [vampire mosquito (6)]
 12143 | D:5      | Slain by a vampire mosquito

Illustrated notes

Levels and vault maps discovered:
D:1:      minmay_arrival_shattered_statue, layout_basic, serial_shops,
          nicolae_shop_crystal, nicolae_shop_stone, shop, shop, shop,
          shapermc_ecumenical_altar_gd
D:2:      layout_loops_ring, chequers_garden
D:3:      layout_basic, fedhas_ov_isle_minmay, mainiacjoe_overflow_alcove_2,
          lemuel_crystal_altar, chequers_avenue
D:4:      layout_loops_ring, mainiacjoe_overflow_cross_hatched,
          minmay_temple_entry_statues_fountains, nrook_campfire, minmay_vboxes,
          uniq_grinder, uniq_crazy_yiuf_cottage
D:5:      layout_basic, nrook_uturn, grunt_ministairs_14,
          minmay_manual_monstrance, uniq_sigmund, uniq_duvessa
D:6:      lemuel_castle_with_subvaults [lemuel_castle_interior_original],
          layout_loops_ring, kennysheep_mini_moat, grunt_tough_drop, uniq_maggie
Temple:   eino_narrow_crystal_temple

Skill      XL: |  1  2  3  4  5  6  7  8  9 |
---------------+----------------------------+-----
Fighting       | 1 2 3 |  3.8
Slings         | 3 4 5 6 8 |  8.2
Dodging        | 3 |  3.9
Spellcasting   | 2 3 4 5 |  5.7
Hexes          | 4 5 6 8 |  8.3
Fire Magic     | 1 2 3 |  3.1
Translocations | |  0.4

Action                   |  1- 3 |  4- 6 |  7- 9 || total
-------------------------+-------+-------+-------++-------
 Fire: Hunting sling     |   102 |   250 |   505 ||   857
 Cast: Slow              |    10 |    22 |    50 ||    82
       Portal Projectile |       |     3 |    26 ||    29
       Inner Flame       |       |       |     9 ||     9
       Cause Fear        |       |       |     2 ||     2
  Use: Scroll            |       |     6 |     3 ||     9
Armor: Robe              |     1 |     3 |    19 ||    23
Dodge: Dodged            |    15 |    44 |   143 ||   202

Table legend: (Time is in decaauts)
 A = Elapsed time spent in this place.
 B = Non-inter-level travel time spent in this place.
 C = Inter-level travel time spent in this place.
 D = Time resting spent in this place.
 E = Time spent auto-exploring this place.
 F = Levels seen in this place.
 G = Mean time per level.
                   A        B        C        D        E       F      G
               +--------+--------+--------+--------+--------+-----+--------+
         Total |   9955 |   9458 |    497 |   2822 |   4044 |   7 | 1422.1 |
       Dungeon |   9860 |   9367 |    493 |   2822 |   3962 |   6 | 1643.3 |
        Temple |     94 |     90 |      4 |      0 |     82 |   1 |   94.0 |
               +--------+--------+--------+--------+--------+-----+--------+

Top non-repeatable levels by time:
     D:4: 4093 daAuts
     D:5: 2142 daAuts
     D:6: 1205 daAuts
     D:2: 1094 daAuts
     D:1: 735 daAuts
     D:3: 589 daAuts
  Temple: 94 daAuts
